PUB
LOUISVILLE REDBIRDS @ PUERTO RICO HURRICANES
07/05/1972
 
TOP OF THE 1ST
Louisville Redbirds batting - Pitching for Puerto Rico Hurricanes : RHP Johnny Baker
Pitching: RHP Johnny Baker
Batting: LHB Lou Jensen 0-0: Ball
1-0: Called Strike
1-1: Ball
2-1: Called Strike
2-2: Foul Ball, location: 7LMF
2-2: Ball
3-2: Base on Balls
Batting: LHB Cesar Geronimo 0-0: Called Strike
0-1: Ball
Lou Jensen is caught stealing 2nd base 2-6
1-1: Ball
2-1: Called Strike
2-2: Ground out 2-3 (Groundball, 13S, EV 66.3 MPH)
Batting: RHB Martin Horn 0-0: Ball
1-0: Swinging Strike
1-1: Foul Ball, location: 5SF
1-2: Fly out, F9 (Flyball, 89M, EV 90.0 MPH)
Top of the 1st over - 0 runs, 0 hits, 0 errors, 0 left on base; Louisville 0 - Puerto Rico 0
BOTTOM OF THE 1ST
Puerto Rico Hurricanes batting - Pitching for Louisville Redbirds : RHP Curt Baker
Pitching: RHP Curt Baker
Batting: RHB Alfonso Santana 0-0: Called Strike
0-1: Ball
1-1: Called Strike
1-2: Strikes out looking
Batting: SHB Miguel Carrasco 0-0: Foul Ball, location: 7LMF
0-1: SINGLE (Groundball, 6MD, EV 94.4 MPH)
Batting: LHB Terry Zimmerman 0-0: Foul Ball, location: 7LMF
0-1: Called Strike
0-2: Fielders Choice at 2nd, 6-4 (Groundball, 6, EV 90.0 MPH)
Batting: LHB Greg Shoemaker 0-0: Ball
1-0: Swinging Strike
1-1: Ground out 1-3 (Groundball, 13S, EV 70.0 MPH)
Bottom of the 1st over - 0 runs, 1 hit, 0 errors, 1 left on base; Louisville 0 - Puerto Rico 0
TOP OF THE 2ND
Louisville Redbirds batting - Pitching for Puerto Rico Hurricanes : RHP Johnny Baker
Batting: LHB Kerry Thomas 0-0: Ball
1-0: Called Strike
1-1: Ground out 6-3 (Groundball, 6, EV 83.8 MPH)
Batting: RHB Alan Sims 0-0: Ball
1-0: Ball
2-0: Called Strike
2-1: Fly out, F9 (Flyball, 9, EV 85.6 MPH)
Batting: LHB Richie Hebner 0-0: Swinging Strike
0-1: Called Strike
0-2: Ball
1-2: Strikes out swinging
Top of the 2nd over - 0 runs, 0 hits, 0 errors, 0 left on base; Louisville 0 - Puerto Rico 0
BOTTOM OF THE 2ND
Puerto Rico Hurricanes batting - Pitching for Louisville Redbirds : RHP Curt Baker
Batting: SHB Ted Simmons 0-0: Ball
1-0: Ball
2-0: Called Strike
2-1: Swinging Strike
2-2: Foul Ball, location: 2F
2-2: Strikes out looking
Batting: RHB Haywood Andrews 0-0: Foul Ball, location: 2F
0-1: Ball
1-1: Fly out, F7 (Flyball, 78M, EV 83.1 MPH)
Batting: RHB Rintaro Kichida 0-0: Ball
1-0: Ball
2-0: Ball
3-0: Called Strike
3-1: SINGLE (Line Drive, 8LS, EV 98.1 MPH)
Batting: RHB Woody Frazier 0-0: Ball
Rintaro Kichida steals 2nd base (no throw)
1-0: Foul Ball, location: 5F
1-1: Called Strike
1-2: Foul Ball, location: 2F
1-2: Fly out, F9 (Line Drive, 89M, EV 100.6 MPH)
Bottom of the 2nd over - 0 runs, 1 hit, 0 errors, 1 left on base; Louisville 0 - Puerto Rico 0
TOP OF THE 3RD
Louisville Redbirds batting - Pitching for Puerto Rico Hurricanes : RHP Johnny Baker
Batting: LHB José Zavala 0-0: Swinging Strike
0-1: Foul Ball, location: 7LSF
0-2: Strikes out swinging
Batting: RHB Carlton Fisk 0-0: Called Strike
0-1: Ball
1-1: Ball
2-1: Swinging Strike
2-2: Strikes out swinging
Batting: RHB Curt Baker 0-0: Swinging Strike
0-1: Called Strike
0-2: Ball
1-2: Foul Ball, location: 2F
1-2: Foul Ball, location: 3SF
1-2: Ground out 5-3 (Groundball, 56, EV 106.9 MPH)
Top of the 3rd over - 0 runs, 0 hits, 0 errors, 0 left on base; Louisville 0 - Puerto Rico 0
BOTTOM OF THE 3RD
Puerto Rico Hurricanes batting - Pitching for Louisville Redbirds : RHP Curt Baker
Batting: RHB Johnny Baker 0-0: Ball
1-0: Swinging Strike
1-1: Foul Ball, location: 23F
1-2: Fly out, F8 (Flyball, 78XD, EV 106.3 MPH)
Batting: RHB Alfonso Santana 0-0: Ball
1-0: Ball
2-0: Foul Ball, location: 7LMF
2-1: Swinging Strike
2-2: Hit by Pitch
Batting: SHB Miguel Carrasco 0-0: Ball
1-0: Ball
2-0: Fly out, F9 (Flyball, 89S, EV 90.6 MPH)
Batting: LHB Terry Zimmerman 0-0: Ball
1-0: Ball
2-0: Called Strike
2-1: Ball
3-1: Foul Ball, location: 7LMF
3-2: Foul Ball, location: 9LSF
3-2: Base on Balls
Alfonso Santana to second
Batting: LHB Greg Shoemaker 0-0: Ball
1-0: Foul Ball, location: 2F
1-1: Ball
2-1: Foul Ball, location: 2F
2-2: Ball
3-2: Strikes out swinging
Bottom of the 3rd over - 0 runs, 0 hits, 0 errors, 2 left on base; Louisville 0 - Puerto Rico 0
TOP OF THE 4TH
Louisville Redbirds batting - Pitching for Puerto Rico Hurricanes : RHP Johnny Baker
Batting: LHB Lou Jensen 0-0: Called Strike
0-1: Foul Ball, location: 5DF
0-2: Foul Ball, location: 7LMF
0-2: Ball
1-2: Fly out, F9 (Flyball, 9S, EV 91.3 MPH)
Batting: LHB Cesar Geronimo 0-0: Ball
1-0: Ball
2-0: Ball
3-0: Called Strike
3-1: Base on Balls
Batting: RHB Martin Horn 0-0: Called Strike
0-1: Ball
1-1: Ball
2-1: Ball
3-1: Swinging Strike
3-2: SINGLE (Groundball, P, EV 83.8 MPH) (infield hit)
Cesar Geronimo to second
Batting: LHB Kerry Thomas 0-0: Foul Ball, location: 5SF
0-1: Swinging Strike
0-2: Foul Ball, location: 3SF
0-2: Foul Ball, location: 25F
0-2: Strikes out looking
Batting: RHB Alan Sims 0-0: Ball
1-0: Foul Ball, location: 25F
1-1: Foul Ball, location: 2F
1-2: Ball
2-2: Strikes out swinging
Top of the 4th over - 0 runs, 1 hit, 0 errors, 2 left on base; Louisville 0 - Puerto Rico 0
BOTTOM OF THE 4TH
Puerto Rico Hurricanes batting - Pitching for Louisville Redbirds : RHP Curt Baker
Batting: SHB Ted Simmons 0-0: Foul Ball, location: 7LSF
0-1: Ball
1-1: Ball
2-1: Foul Ball, location: 9LSF
2-2: Ball
3-2: Foul Ball, location: 23F
3-2: Foul Ball, location: 5F
3-2: Ground out 3-1 (Groundball, 34, EV 81.3 MPH)
Batting: RHB Haywood Andrews 0-0: Swinging Strike
0-1: Called Strike
0-2: Ground out 5-3 (Groundball, 56S, EV 86.3 MPH)
Batting: RHB Rintaro Kichida 0-0: Ball
1-0: SINGLE (Groundball, 34S, EV 66.9 MPH) (infield hit)
Batting: RHB Woody Frazier 0-0: Ball
Pickoff Play to 1st, Runner tries for 2nd, OUT after rundown.
Bottom of the 4th over - 0 runs, 1 hit, 0 errors, 0 left on base; Louisville 0 - Puerto Rico 0
TOP OF THE 5TH
Louisville Redbirds batting - Pitching for Puerto Rico Hurricanes : RHP Johnny Baker
Batting: LHB Richie Hebner 0-0: Ground out 5-3 (Groundball, 56, EV 101.9 MPH)
Batting: LHB José Zavala 0-0: Foul Ball, location: 2F
0-1: Foul Ball, location: 9LMFF
0-2: Ball
1-2: Ball
2-2: Strikes out swinging
Batting: RHB Carlton Fisk 0-0: Ball
1-0: Ball
2-0: Ball
3-0: Called Strike
3-1: Foul Ball, location: 5FF
3-2: Fly out, F7 (Flyball, 78S, EV 81.3 MPH)
Top of the 5th over - 0 runs, 0 hits, 0 errors, 0 left on base; Louisville 0 - Puerto Rico 0
BOTTOM OF THE 5TH
Puerto Rico Hurricanes batting - Pitching for Louisville Redbirds : RHP Curt Baker
Batting: RHB Woody Frazier 0-0: Called Strike
0-1: SINGLE (Line Drive, 34, EV 68.8 MPH)
Batting: RHB Johnny Baker 0-0: Ball
1-0: Bunt missed!
1-1: Ball
2-1: Sac Bunt - play at second, runner OUT -> throw to first, DP!
Batting: RHB Alfonso Santana 0-0: Ball
1-0: Foul Ball, location: 9LDF
1-1: Foul Ball, location: 9LSF
1-2: Foul Ball, location: 3F
1-2: Fly out, F7 (Flyball, 78M, EV 96.3 MPH)
Bottom of the 5th over - 0 runs, 1 hit, 0 errors, 0 left on base; Louisville 0 - Puerto Rico 0
TOP OF THE 6TH
Louisville Redbirds batting - Pitching for Puerto Rico Hurricanes : RHP Johnny Baker
Batting: RHB Curt Baker 0-0: Fly out, F7 (Line Drive, 7, EV 101.9 MPH)
Batting: LHB Lou Jensen 0-0: Called Strike
0-1: Called Strike
0-2: Ball
1-2: Ball
2-2: Foul Ball, location: 5SF
2-2: Foul Ball, location: 3F
2-2: Ball
3-2: Base on Balls
Batting: LHB Cesar Geronimo 0-0: Ball
1-0: Foul Ball, location: 2F
1-1: Called Strike
1-2: Ball
2-2: Foul Ball, location: 2F
2-2: Strikes out swinging
Batting: RHB Martin Horn 0-0: Ball
1-0: Fly out, F8 (Line Drive, 8LM, EV 90.0 MPH)
Top of the 6th over - 0 runs, 0 hits, 0 errors, 1 left on base; Louisville 0 - Puerto Rico 0
BOTTOM OF THE 6TH
Puerto Rico Hurricanes batting - Pitching for Louisville Redbirds : RHP Curt Baker
Batting: SHB Miguel Carrasco 0-0: Foul Ball, location: 2F
0-1: Foul Ball, location: 25FF
0-2: Strikes out swinging
Batting: LHB Terry Zimmerman 0-0: Ball
1-0: Called Strike
1-1: Fly out, F8 (Line Drive, 8RM, EV 92.5 MPH)
Batting: LHB Greg Shoemaker 0-0: Foul Ball, location: 2F
0-1: Called Strike
0-2: Foul Ball, location: 5FF
0-2: Foul Ball, location: 23FF
0-2: Foul Ball, location: 7LMF
0-2: Ball
1-2: SOLO HOME RUN (Flyball, 7D, EV 95.0 MPH), Distance : 370 ft
Batting: SHB Ted Simmons 0-0: Called Strike
0-1: DOUBLE (Flyball, 89XD, EV 102.5 MPH)
Batting: RHB Haywood Andrews 0-0: Called Strike
0-1: Ball
1-1: Ground out 6-3 (Groundball, 56, EV 76.9 MPH)
Bottom of the 6th over - 1 run, 2 hits, 0 errors, 1 left on base; Louisville 0 - Puerto Rico 1
TOP OF THE 7TH
Louisville Redbirds batting - Pitching for Puerto Rico Hurricanes : RHP Johnny Baker
Batting: LHB Kerry Thomas 0-0: SINGLE (Groundball, 34D, EV 109.4 MPH)
Pinch Hitting: LHB Reggie Jackson 0-0: Called Strike
0-1: Ball
1-1: Ball
2-1: Ball
3-1: Called Strike
3-2: Fly out, F7 (Flyball, 78M, EV 91.3 MPH)
Batting: LHB Richie Hebner 0-0: Ball
1-0: Called Strike
1-1: Foul Ball, location: 23FF
1-2: Foul Ball, location: 5F
1-2: Ball
2-2: Fly out, F9 (Flyball, 9, EV 89.4 MPH)
Batting: LHB José Zavala 0-0: Ball
1-0: Ball
2-0: Called Strike
2-1: Swinging Strike
2-2: Foul Ball, location: 7LSFF
2-2: Ball
3-2: Base on Balls
Kerry Thomas to second
Batting: RHB Carlton Fisk 0-0: Ball
1-0: Called Strike
1-1: Called Strike
1-2: Strikes out swinging
Top of the 7th over - 0 runs, 1 hit, 0 errors, 2 left on base; Louisville 0 - Puerto Rico 1
BOTTOM OF THE 7TH
Puerto Rico Hurricanes batting - Pitching for Louisville Redbirds : RHP Curt Baker
Now at 3B: Neal Booth
Batting: RHB Rintaro Kichida 0-0: Foul Ball, location: 2F
0-1: Ball
1-1: Foul Ball, location: 25F
1-2: Ground out 5-3 (Groundball, 56, EV 85.6 MPH)
Batting: RHB Woody Frazier 0-0: Ball
1-0: Called Strike
1-1: Ball
2-1: DOUBLE (Line Drive, 5D, EV 95.0 MPH)
Batting: RHB Johnny Baker 0-0: Ground out 6-3 (Groundball, 6S, EV 84.4 MPH)
Woody Frazier to third
Batting: RHB Alfonso Santana 0-0: Ball
1-0: Ball
2-0: Foul Ball, location: 7LDF
2-1: Ball
3-1: Base on Balls
Batting: SHB Miguel Carrasco 0-0: Ground out U3 (Groundball, 3L, EV 90.0 MPH)
Bottom of the 7th over - 0 runs, 1 hit, 0 errors, 2 left on base; Louisville 0 - Puerto Rico 1
TOP OF THE 8TH
Louisville Redbirds batting - Pitching for Puerto Rico Hurricanes : RHP Johnny Baker
Pinch Hitting: RHB Richard Fields 0-0: Called Strike
0-1: Swinging Strike
0-2: Ball
1-2: SINGLE (Flyball, 7LS, EV 98.1 MPH)
Pitching: RHP Gabriel Hockin
Batting: LHB Lou Jensen 0-0: Fly out, F7 (Line Drive, 7S, EV 91.3 MPH)
Batting: LHB Cesar Geronimo 0-0: Ball
1-0: Ground out 4-3 (Groundball, 13, EV 93.1 MPH)
Richard Fields to second
Batting: RHB Martin Horn 0-0: Swinging Strike
0-1: Foul Ball, location: 9LDF
0-2: Ball
1-2: Strikes out looking
Top of the 8th over - 0 runs, 1 hit, 0 errors, 1 left on base; Louisville 0 - Puerto Rico 1
BOTTOM OF THE 8TH
Puerto Rico Hurricanes batting - Pitching for Louisville Redbirds : RHP Curt Baker
Pitching: RHP Martín Villanueva
Batting: LHB Terry Zimmerman 0-0: Called Strike
0-1: Foul Ball, location: 7LDF
0-2: Strikes out swinging
Batting: LHB Greg Shoemaker 0-0: Swinging Strike
0-1: Foul Ball, location: 9LMF
0-2: Strikes out looking
Batting: SHB Ted Simmons 0-0: Called Strike
0-1: Ball
1-1: Ball
2-1: Ball
3-1: Fly out, F7 (Flyball, 7LM, EV 100.0 MPH)
Bottom of the 8th over - 0 runs, 0 hits, 0 errors, 0 left on base; Louisville 0 - Puerto Rico 1
TOP OF THE 9TH
Louisville Redbirds batting - Pitching for Puerto Rico Hurricanes : RHP Gabriel Hockin
Batting: LHB Kerry Thomas 0-0: Ball
1-0: Swinging Strike
1-1: Foul Ball, location: 2RF
1-2: Ground out 5-3 (Groundball, 56, EV 78.8 MPH)
Batting: RHB Neal Booth 0-0: Ball
1-0: Foul Ball, location: 3SF
1-1: Foul Ball, location: 9LSF
1-2: Strikes out swinging
Batting: LHB Richie Hebner 0-0: Ball
1-0: Fly out, F4 (Line Drive, 4, EV 75.0 MPH)
Top of the 9th over - 0 runs, 0 hits, 0 errors, 0 left on base; Louisville 0 - Puerto Rico 1
Friday, April 5th , 2024 - OOTP Baseball 24.8 Build 75